 Dungeon Crawl Stone Soup version 0.28-a0-1241-gf280a0fbb2 (webtiles) character file.

Game seed: 8343518166164577236

676 Conn the Sneak (level 7, -4/43 HPs)
             Began as an Octopode Fire Elementalist on Dec 26, 2021.
             Slain by a bullfrog skeleton (6 damage)
             ... on level 5 of the Dungeon.
             The game lasted 00:07:18 (4266 turns).

Conn the Sneak (Octopode Fire Elementalist)         Turns: 4266, Time: 00:07:19

Health: -4/43      AC:  1    Str:  6 (7)  XL:     7   Next: 59%
Magic:  9/12       EV: 13    Int: 18 (20) God:
Gold:   144        SH:  0    Dex: 10 (12) Spells: 2/13 levels left

rFire   . . .      SeeInvis .   c - +2 dagger (venom)
rCold   . . .      Faith    .   (no shield)
rNeg    + . .      Spirit   .   (helmet restricted)
rPois   .          Reflect  .   (no amulet)
rElec   .          Harm     .   f - ring of positive energy
rCorr   .          Rampage  .   (no ring)
Will    .....                   (no ring)
Stlth   ++++......              (no ring)
HPRegen 0.14/turn               (no ring)
MPRegen 0.13/turn               (no ring)
                                (no ring)
                                (no ring)

@: no status effects
A: almost no armour, amphibious, 8 rings, camouflage 1, gelatinous body 1,
(nimble swimmer 1), tentacles
a: no special abilities


You were on level 5 of the Dungeon.
You visited 1 branch of the dungeon, and saw 5 of its levels.

You collected 144 gold pieces.

Inventory:

Hand Weapons
 a - a +0 dagger
 c - a +2 dagger of venom (weapon)
Missiles
 b - 14 sling bullets
 g - 12 poisoned darts
Jewellery
 f - a ring of positive energy (left tentacle)
 m - a ring of willpower
Scrolls
 i - 2 scrolls of identify {unknown}
 j - 2 scrolls of immolation
 l - a scroll of noise {unknown}


   Skills:
 + Level 1.5 Fighting
 + Level 2.0 Short Blades
 + Level 2.9 Dodging
 + Level 6.3 Stealth
 + Level 3.8 Spellcasting
 + Level 2.9 Conjurations
 + Level 0.1 Hexes
 + Level 4.5 Fire Magic


You had 2 spell levels left.
You knew the following spells:

 Your Spells              Type           Power      Damage    Failure   Level
a - Foxfire               Conj/Fire      64%        2x1d7     3%          1
b - Conjure Flame         Conj/Fire      16%        6-21      10%         3
c - Inner Flame           Hex/Fire       11%        N/A       17%         3
d - Flame Wave            Conj/Fire      16%        2d5       32%         4

Your spell library contained the following spells:

 Spells                   Type           Power      Damage    Failure   Level
 Scorch                   Fire           38%        2d7       3%          2
 Animate Skeleton         Necr           6%         N/A       16%         1
 Pain                     Necr           12%        1d4       16%         1
 Dazzling Flash           Conj/Hex       16%        N/A       24%         3
 Vampiric Draining        Necr           3%         2d6       41%         3
 Agony                    Necr           3%         N/A       99%         5
 Silence                  Hex/Air        1%         N/A       99%         5
 Dispersal                Tloc           1%         N/A       100%        6
 Disjunction              Tloc           1%         N/A       100%        8


Dungeon Overview and Level Annotations

Branches:
Dungeon (5/15)
 Temple: D:4-7

Altars:
Xom

Shops:
D:2 [


Innate Abilities, Weirdness & Mutations

You cannot wear most types of armour.
You are amphibious.
You can wear up to eight rings at the same time.
Your skin changes colour to match your surroundings (Stealth+).
Your rubbery body absorbs attacks. (AC +1, EV +1)
((You are camouflaged when in or above water. (Stealth+)))
You have tentacles for arms and can constrict up to eight enemies at once.


Message History

Unknown command.
Unknown command.
Unknown command.
Unknown command.
Unknown command.
Unknown command.
Unknown command.
Press: ? - help, v - describe, . - travel, g - get item
Here: a shadow Item here: a water moccasin corpse.
The floor.
Unknown command.
Unknown command.
Unknown command.
Unknown command.
Unknown command.
Unknown command.
You release your grip on the bullfrog skeleton.
The shadow slips into darkness.
The shadow flickers and vanishes!
Deactivating autopickup; reactivate with Ctrl-A.
The bullfrog skeleton misses you.
It was a potion of degeneration.
There was something very wrong with that liquid.
You feel weakened.
You feel dopey.
You feel clumsy.
The bullfrog skeleton closely misses you.
You aren't carrying any potions.
Unknown command.
Unknown command.
Unknown command.
As you read the scroll labelled WIP DES QOSY, it crumbles to dust.
It is a scroll of enchant armour.
You aren't carrying any armour which can be enchanted further.
The bullfrog skeleton barely misses you.
As you read the scroll labelled TAVEET XAETZ, it crumbles to dust.
It is a scroll of amnesia.
Really abort (and waste the scroll)?
Okay, then.
The bullfrog skeleton hits you.
You die...

####### #.....#
#.###.######## . #.#
#......... ...
#.###.#############....
####.....#########........
..).....#.......@Z{†......
######.....#######.#.##...
#.##..# ..# # #.##..# ##.#
#.##..# #.# ######.##..#
#.# .......##..# #.#
#########..# #.# #


You could see a bullfrog skeleton.

Vanquished Creatures
  Sigmund (D:5)
  A water moccasin (D:5)
  A phantom (D:3)
  A scorpion (D:4)
  A water moccasin skeleton (D:5)
  A bullfrog skeleton (D:4)
  An iguana (D:4)
  2 orc wizards
  A hound skeleton (D:5)
  4 gnolls
  An adder (D:3)
  A worm (D:3)
  3 dart slugs
  9 orcs
  2 ball pythons (D:3)
  6 endoplasms
  A giant cockroach (D:1)
  7 goblins
  3 hobgoblins
  2 quokkas
  5 bats
  4 frilled lizards
  6 kobolds
  3 rats
67 creatures vanquished.

Vanquished Creatures (others)
  157 foxfires
157 creatures vanquished.

Grand Total: 224 creatures vanquished

Notes
Turn   | Place    | Note
-------+----------+-------------------------------------------
     0 | D:1      | Conn the Octopode Fire Elementalist began the quest for the
                  | Orb.
     0 | D:1      | Reached XP level 1. HP: 11/11 MP: 3/3
   416 | D:1      | Reached XP level 2. HP: 17/17 MP: 0/5
  1261 | D:2      | Found Dodan's Antique Armour Boutique.
  1307 | D:2      | Reached skill level 3 in Stealth
  1307 | D:2      | Reached XP level 3. HP: 18/22 MP: 6/6
  1376 | D:2      | Found a shimmering altar of Xom.
  1445 | D:2      | Found a faded altar of an unknown god.
  1974 | D:3      | Reached XP level 4. HP: 27/27 MP: 3/7
  2103 | D:3      | Reached skill level 4 in Stealth
  2270 | D:3      | Noticed a phantom
  2285 | D:3      | Killed a phantom
  2286 | D:3      | Reached skill level 1 in Short Blades
  2286 | D:3      | Reached XP level 5. HP: 10/32 MP: 0/9
  3029 | D:4      | Reached XP level 6. HP: 29/37 MP: 10/10
  3146 | D:4      | Reached skill level 1 in Fighting
  3146 | D:4      | Reached skill level 5 in Stealth
  3750 | D:4      | Noticed a two-headed ogre
  3783 | D:4      | Learned a level 3 spell: Conjure Flame
  3787 | D:4      | Learned a level 3 spell: Inner Flame
  3792 | D:4      | Learned a level 4 spell: Flame Wave
  3838 | D:5      | Entered Level 5 of the Dungeon
  4093 | D:5      | Noticed Sigmund
  4139 | D:5      | Killed Sigmund
  4140 | D:5      | Reached skill level 6 in Stealth
  4140 | D:5      | Reached XP level 7. HP: 43/43 MP: 1/12
  4253 | D:5      | Noticed a shadow
  4261 | D:5      | HP: 1/43 [something (34)]
  4266 | D:5      | Slain by a bullfrog skeleton

Illustrated notes

Levels and vault maps discovered:
D:1:      psy_arrival_basics, layout_basic, minivault_27, minmay_tetromino_i2
D:2:      layout_rooms, serial_shops, nicolae_shop_hallway_plus,
          hellmonk_ecumenical_altar_blasted, basic_altar
D:3:      layout_loops_ring
D:4:      layout_loops_cross, mainiacjoe_overflow_alcove_2
D:5:      layout_loops_ring, lemuel_mausoleum_altar_yredelemnul, uniq_sigmund

Skill      XL: |  1  2  3  4  5  6  7 |
---------------+----------------------+-----
Stealth        | 3 4 6 |  6.3
Short Blades   | 1 2 |  2.0
Spellcasting   | 3 |  3.8
Conjurations   | 2 |  2.9
Fire Magic     | 4 |  4.5
Fighting       | 1 |  1.5
Dodging        | |  2.9
Hexes          | |  0.1

Action                   |  1- 3 |  4- 6 |  7- 9 || total
-------------------------+-------+-------+-------++-------
Melee: Dagger            |    19 |    51 |     3 ||    73
       Constrict         |     6 |    15 |     2 ||    23
       Tentacles         |     4 |     6 |       ||    10
 Cast: Foxfire           |    47 |    38 |     4 ||    89
       Conjure Flame     |       |     2 |       ||     2
       Inner Flame       |       |     1 |       ||     1
       Flame Wave        |       |     1 |       ||     1
  Use: Potion            |       |     1 |     1 ||     2
       Scroll            |       |       |     2 ||     2
 Stab: Sleeping          |     6 |     9 |       ||    15
Armor: Skin              |     2 |       |       ||     2
Dodge: Dodged            |    15 |    32 |     9 ||    56

Table legend: (Time is in decaauts)
 A = Elapsed time spent in this place.
 B = Non-inter-level travel time spent in this place.
 C = Inter-level travel time spent in this place.
 D = Time resting spent in this place.
 E = Time spent auto-exploring this place.
 F = Levels seen in this place.
 G = Mean time per level.
                   A        B        C        D        E       F      G
               +--------+--------+--------+--------+--------+-----+--------+
         Total |   4262 |   4145 |    117 |    769 |   2545 |   5 |  852.4 |
       Dungeon |   4262 |   4145 |    117 |    769 |   2545 |   5 |  852.4 |
               +--------+--------+--------+--------+--------+-----+--------+

Top non-repeatable levels by time:
     D:1: 1123 daAuts
     D:3: 1099 daAuts
     D:4: 813 daAuts
     D:2: 798 daAuts
     D:5: 427 daAuts
